 Dungeon Crawl Stone Soup version 0.32-a0-643-ga006e7742e (webtiles) character file.

Game seed: 14047527020403968311

459 CougarLife the Digger (level 7, -3/36 HPs)
             Began as a Gargoyle Earth Elementalist on Mar 7, 2024.
             Was a Priest of Vehumet.
             Killed from afar by Dowan (10 damage)
             ... with a stone arrow
             ... on level 4 of the Dungeon.
             The game lasted 00:03:52 (3576 turns).

CougarLife the Digger (Gargoyle Earth Elementalist) Turns: 3576, Time: 00:03:52

Health: -3/36      AC: 11    Str: 12    XL:     7   Next: 6%
Magic:  10/13      EV: 11    Int: 17    God:    Vehumet [***...]
Gold:   176        SH:  0    Dex: 10    Spells: 10/14 levels left

rFire   . . .        g - +0 dagger (holy)
rCold   . . .        (no shield)
rNeg    + . .        a - +0 robe
rPois   ∞            (no helmet)
rElec   +            (no cloak)
rCorr   .            (no gloves)
SInv    +            c - +0 pair of boots
Will    .....        (no amulet)
Stlth   ++           k - ring of see invisible
HPRegen 0.26/turn    q - +4 ring of protection
MPRegen 0.13/turn

%: no passive effects
@: no status effects
A: sickness immunity, AC +4, negative energy resistance 1, electricity
resistance, torment resistance 1, petrification resistance
a: Renounce Religion


You were on level 4 of the Dungeon.
You worshipped Vehumet.
Vehumet was most pleased with you.
You visited 1 branch of the dungeon, and saw 5 of its levels.

You collected 176 gold pieces.

Inventory:

Hand Weapons
 g - a +0 dagger of holy wrath (weapon)
Missiles
 t - a throwing net
Armour
 a - a +0 robe (worn)
 c - a +0 pair of boots (worn)
Jewellery
 k - a ring of see invisible (left hand)
 q - a +4 ring of protection (right hand)
 u - a ring of positive energy
Scrolls
 e - 2 scrolls of identify {unknown}
 h - 3 scrolls of amnesia {unknown}
 l - a scroll of revelation {unknown}
 n - a scroll of noise {unknown}
 o - a scroll of teleportation {unknown}
 p - a scroll of vulnerability {unknown}
 r - a scroll of poison {unknown}
Potions
 b - a potion of magic
 d - 3 potions of heal wounds {unknown}
 f - 4 potions of enlightenment {unknown}
 i - 2 potions of degeneration {unknown}
 j - a potion of resistance {unknown}
 m - a potion of lignification {unknown}
 s - a potion of curing {unknown}
 v - a potion of invisibility {unknown}


   Skills:
 - Level 1.5 Dodging
 - Level 2.1 Stealth
 + Level 4.2 Spellcasting
 + Level 4.4 Conjurations
 + Level 6.0 Earth Magic


You had 10 spell levels left.
You knew the following spells:

 Your Spells              Type           Power      Damage    Failure   Level
a - Sandblast             Erth           48%        2d12      1%          1
b - Stone Arrow           Conj/Erth      42%        3d9       1%          3

Your spell library contained the following spells:

 Spells                   Type           Power      Damage    Failure   Level
 Volatile Blastmotes      Fire/Tloc      6%         2d10      13%         3
 Sting                    Conj/Alch      44%        1d5       1%          1
 Passwall                 Erth           24%        N/A       3%          3
 Brom's Barrelling Bould  Conj/Erth      21%        2d4       4%          4
 Apportation              Tloc           6%         N/A       16%         1
 Necrotise                Necr           12%        1d4       16%         1
 Summon Small Mammal      Summ           12%        N/A       16%         1
 Lesser Beckoning         Tloc           6%         N/A       24%         2
 Olgreb's Toxic Radiance  Alch           3%         N/A       36%         4
 Petrify                  Alch/Erth      13%        N/A       41%         4
 Gell's Gravitas          Tloc           3%         N/A       43%         3
 Summon Ice Beast         Ice/Summ       3%         N/A       43%         3
 Teleport Other           Tloc           3%         N/A       43%         3
 Dispel Undead            Necr           3%         3d7       83%         4
 Martyr's Knell           Necr/Summ      3%         N/A       83%         4
 Summon Mana Viper        Hex/Summ       3%         N/A       99%         5
 Death Channel            Necr           1%         N/A       100%        6
 Monstrous Menagerie      Summ           1%         N/A       100%        7
 Ozocubu's Refrigeration  Ice            1%         4d7       100%        7
 Discord                  Hex            1%         N/A       100%        8
 Cigotuvi's Dreadful Rot  Necr/Alch/Air  Unusable   N/A       N/A         2

Dungeon Overview and Level Annotations

Branches:
Dungeon (5/15)
 Temple: D:4-7

Altars:
Vehumet
Zin

Shops:
D:2 [

Annotations:
D:4 Dowan


Innate Abilities, Weirdness & Mutations

You are immune to sickness and miasma.
Your stone body is resilient. (AC +4)
You are immune to poison.
You resist negative energy. (rN+)
You are resistant to electric shocks. (rElec)
You are resistant to unholy torment.
You are immune to petrification.


Message History

Duvessa says, "Did you see that move?
Perfect!"
Duvessa barely misses you.
Duvessa hits you with a +0 short sword of speed!
Casting: Sandblast (safe; 1% risk of failure)
Confirm with . or Enter, or press ? or * to list all spells.
Aiming: Sandblast (safe; 1% risk of failure)
Press: ? - help, Shift-Dir - straight line, f/p - Duvessa
Aim: Duvessa, wielding a +0 short sword of speed and wearing a +0 leather armour (moderately wounded, 85% to hit)
The blast of sand hits Duvessa.
Duvessa is heavily wounded.
Dowan hits you with a +6 dagger of pain.
Duvessa barely misses you. Duvessa closely misses you.
Dowan hits you but does no damage.
Casting: Sandblast (safe; 1% risk of failure)
Confirm with . or Enter, or press ? or * to list all spells.
Aiming: Sandblast (safe; 1% risk of failure)
Press: ? - help, Shift-Dir - straight line, f/p - Duvessa
Aim: Duvessa, wielding a +0 short sword of speed and wearing a +0 leather armour (heavily wounded, 85% to hit)
The blast of sand hits Duvessa!
Duvessa is almost dead.
Duvessa hits you but does no damage.
Dowan hits you with a +6 dagger of pain.
Duvessa closely misses you.
Casting: Sandblast (safe; 1% risk of failure)
Confirm with . or Enter, or press ? or * to list all spells.
Aiming: Sandblast (safe; 1% risk of failure)
Press: ? - help, Shift-Dir - straight line, f/p - Duvessa
Aim: Duvessa, wielding a +0 short sword of speed and wearing a +0 leather armour (almost dead, 85% to hit)
The blast of sand hits Duvessa!
You kill Duvessa!
Vehumet accepts your kill.
You feel your power returning.
Dowan screams, "No!
Oh no!"
Dowan seems to find hidden reserves of power!
Dowan hits you with a +6 dagger of pain!
* * * LOW HITPOINT WARNING * * *
The hound skeleton bites you but does no damage.
Dowan casts a spell at you. The stone arrow hits you!
You die...

#.###.##### #.
#.# #..## . .
#B###...## .ß#
#.# .....# ..
#.# #...#Z.
#.## #.# ... .
#.. #.# #.# ###
#Z####.# #####
#.@e...# #..<.
#####..####
##.###
#.....####†#.##
#.###.....#....
#.# ######♣♣P♣♣
#.# ♣B♣. #.#
♣♣♣♣ ... ♣ ♣
### ♣P


You could see Dowan (fast), a bombardier beetle and a hound skeleton.

Vanquished Creatures
  Duvessa (D:4)
  An ogre (D:4)
  A phantom (D:4)
  A centaur skeleton (D:4)
  3 orc priests (D:3)
  2 orc wizards (D:3)
  2 gnolls (D:4)
  3 adders
  3 dart slugs
  A ribbon worm (D:4)
  11 orcs
  7 bats
  4 endoplasms
  2 giant cockroaches
  4 goblins
  6 hobgoblins
  3 kobolds
  5 quokkas
  4 ball pythons
  3 frilled lizards
  10 rats
77 creatures vanquished.

Notes
Turn   | Place    | Note
-------+----------+-------------------------------------------
     0 | D:1      | CougarLife the Gargoyle Earth Elementalist began the quest
                  | for the Orb.
     0 | D:1      | Reached XP level 1. HP: 10/10 MP: 3/3
   133 | D:1      | Found a faded altar of an unknown god.
   302 | D:1      | Prayed at the altar of an unknown god.
   302 | D:1      | Became a worshipper of Vehumet
   302 | D:1      | Reached * piety under Vehumet
   302 | D:1      | Offered knowledge of Freeze by Vehumet.
   321 | D:1      | Reached XP level 2. HP: 15/15 MP: 3/5
   466 | D:1      | Reached skill level 4 in Earth Magic
  1182 | D:2      | Reached XP level 3. HP: 19/19 MP: 4/6
  1256 | D:2      | Noticed an animated storm dragon scales
  1257 | D:2      | Found Tiddeug's Armour Shop.
  1257 | D:2      | Noticed an animated pearl dragon scales
  1363 | D:2      | Reached ** piety under Vehumet
  1563 | D:2      | Offered knowledge of Momentum Strike by Vehumet.
  2008 | D:3      | Reached XP level 4. HP: 19/24 MP: 3/8
  2063 | D:3      | Learned a level 3 spell: Stone Arrow
  2426 | D:3      | Reached XP level 5. HP: 28/28 MP: 3/9
  2539 | D:3      | Reached skill level 5 in Earth Magic
  2810 | D:3      | Reached XP level 6. HP: 30/32 MP: 0/11
  3021 | D:3      | Offered knowledge of Volatile Blastmotes by Vehumet.
  3407 | D:4      | Reached skill level 6 in Earth Magic
  3410 | D:4      | Reached XP level 7. HP: 36/36 MP: 9/13
  3413 | D:4      | Found a glowing silver altar of Zin.
  3524 | D:4      | Reached *** piety under Vehumet
  3542 | D:4      | Noticed Dowan
  3554 | D:4      | Noticed Duvessa
  3569 | D:5      | Entered Level 5 of the Dungeon
  3569 | D:5      | Noticed a wyvern
  3576 | D:4      | Killed Duvessa
  3576 | D:4      | Killed from afar by Dowan

Illustrated notes

Levels and vault maps discovered:
D:1:      wander_arrival_peaceful_grave, layout_basic, basic_ecumenical_altar,
          minmay_fountain_box, minmay_misc_feat_secret_circle, st_stairs_14
D:2:      layout_basic, serial_shops, nicolae_shop_mannequins
D:3:      layout_loops_corners, minmay_quadrilaterals
D:4:      wad_woods_stonehenge, layout_loops_ring, serial_undead,
          serial_undead_b, serial_undead_d, serial_undead_c, serial_undead_a,
          chequers_serial_rivers_marsh, uniq_duvessa
D:5:      minmay_goblin_kobold_castle, layout_cave_pods, temple_doors_e,
          enter_ossuary_3, serial_shops, kennysheep_little_box

Skill      XL: |  1  2  3  4  5  6 |
---------------+-------------------+-----
Earth Magic    | 4 5 6 |  6.0
Conjurations   | 2 3 4 |  4.4
Spellcasting   | 3 4 |  4.2
Dodging        | |  1.5
Stealth        | |  2.1

Action                     |  1- 3 |  4- 6 |  7- 9 || total
---------------------------+-------+-------+-------++-------
  Melee: Unarmed           |     7 |       |       ||     7
         Punch             |     1 |       |       ||     1
         Dagger            |    10 |     8 |       ||    18
   Cast: Sandblast         |    58 |    58 |    15 ||   131
         Stone Arrow       |       |     6 |       ||     6
 Armour: Robe              |    23 |    21 |    18 ||    62
  Dodge: Dodged            |    33 |    23 |     8 ||    64

Table legend: (Time is in decaauts)
 A = Elapsed time spent in this place.
 B = Non-inter-level travel time spent in this place.
 C = Inter-level travel time spent in this place.
 D = Time resting spent in this place.
 E = Time spent auto-exploring this place.
 F = Levels seen in this place.
 G = Mean time per level.
                   A        B        C        D        E       F      G
               +--------+--------+--------+--------+--------+-----+--------+
         Total |   3639 |   3464 |    175 |    236 |   2675 |   5 |  727.8 |
       Dungeon |   3639 |   3464 |    175 |    236 |   2675 |   5 |  727.8 |
               +--------+--------+--------+--------+--------+-----+--------+

Top non-repeatable levels by time:
     D:3: 1311 daAuts
     D:1: 1023 daAuts
     D:2: 957 daAuts
     D:4: 344 daAuts
     D:5: 1 daAuts
